 Dungeon Crawl Stone Soup version 0.30-a0-568-g124715a40b (webtiles) character file.

Game seed: 17156487270927719657

15786 OTABOTABOTAB the Basher (level 12, -4/97 HPs)
             Began as a Formicid Fighter on Dec 29, 2022.
             Was a High Priest of Okawaru.
             Killed from afar by Jorgrun (18 damage)
             ... with an iron shot
             ... while petrified by Jorgrun
             ... on level 1 of the Orcish Mines.
             The game lasted 00:24:47 (11527 turns).

OTABOTABOTAB the Basher (Formicid Fighter)         Turns: 11527, Time: 00:24:48

Health: -4/97      AC: 21    Str: 29    XL:     12   Next: 62%
Magic:  12/17      EV: -1    Int: 12    God:    Okawaru [*****.]
Gold:   1044       SH:  0    Dex: 19    Spells: 11/11 levels left

rFire   + + .      SeeInvis +    h - +4 battleaxe (freeze)
rCold   . . .      Faith    .    x - +0 tower shield {reflect}
rNeg    + + +      Spirit   .    v - +1 chain mail of Proximity {rF+ Str+4}
rPois   ∞          Reflect  +    (helmet unavailable)
rElec   .          Harm     .    n - +0 cloak {rCorr}
rCorr   +          Rampage  .    b - +2 pair of gloves
Will    +....                    r - +0 pair of boots of an ossuary {Fly rF+ Int+3} Stlth
                                 f - amulet of reflection
HPRegen 0.36/turn                c - ring of poison resistance {rPois, !d}
MPRegen 0.15/turn                w - +6 ring of dexterity

@: petrified, heroic, finesse-ful, grasped by roots, flying, constricted,
studying Ranged Weapons
A: permanent stasis, dig shafts and tunnels, antennae 3, four strong arms
a: Dig, Shaft Self, Renounce Religion, Heroism, Finesse, Duel


You were on level 1 of the Orcish Mines.
You worshipped Okawaru.
Okawaru was extremely pleased with you.
You visited 3 branches of the dungeon, and saw 13 of its levels.
You also visited: Ossuary and Bailey.

You collected 1044 gold pieces.

Inventory:

Hand Weapons
 a - a +1 flail of protection
 h - a +4 battleaxe of freezing (weapon)
   (You took it off a wight on level 7 of the Dungeon)
 m - a +4 flail
   (You took it off a wight on level 8 of the Dungeon)
Missiles
 d - 23 boomerangs
 g - 5 throwing nets {!d}
 s - 77 stones
 t - 7 javelins
 y - 13 poisoned darts
Armour
 b - a +2 pair of gloves (worn)
   (You found it on level 4 of the Dungeon)
 n - a +0 cloak of preservation (worn)
   (You found it on level 7 of the Dungeon)
 r - the +0 pair of boots of an ossuary (worn) {Fly rF+ Int+3}
   (You found it in a bailey)

   Int:       It affects your intelligence (+3).
   rF:        It protects you from fire.
   Fly:       It grants you flight.
 v - the +1 chain mail of Proximity (worn) {rF+ Str+4}
   (You found it on level 8 of the Dungeon)

   Str:       It affects your strength (+4).
   rF:        It protects you from fire.
 x - a +0 tower shield of reflection (worn)
   (You found it on level 5 of the Dungeon)
Jewellery
 c - a ring of poison resistance (left hand) {rPois, !d}
   (You found it on level 1 of the Dungeon)
 f - an amulet of reflection (around neck)
   (You found it on level 1 of the Dungeon)
 w - a +6 ring of dexterity (right hand)
   (You found it on level 8 of the Dungeon)
Wands
 j - a wand of polymorph (2)
   (You found it on level 10 of the Dungeon)
 p - a wand of paralysis (5)
   (You took it off Psyche on level 9 of the Dungeon)
 q - a wand of flame (9)
   (You took it off Pikel on level 9 of the Dungeon)
Scrolls
 k - a scroll of enchant armour
 l - 2 scrolls of fog
 u - 3 scrolls of poison
 z - a scroll of brand weapon
Potions
 i - a potion of attraction {!q}
 A - a potion of cancellation
 B - 2 potions of brilliance
 I - 2 potions of invisibility
 J - 3 potions of curing {@q1}
 L - 3 potions of flight
 M - a potion of magic
 P - 4 potions of lignification {!q}
 R - a potion of resistance
 U - 3 potions of mutation {!q}


   Skills:
 + Level 9.8(14.8) Fighting
 * Level 12.1(17.1) Maces & Flails
 + Level 9.8(14.8) Armour
 + Level 11.6(16.6) Shields
 + Level 7.6 Invocations


You had 11 spell levels left.
You didn't know any spells.
Your spell library contained the following spells:

 Spells                   Type           Power      Damage    Failure   Level
 Kiss of Death            Conj/Necr      0%         2d5       95%         1
 Slow                     Hex            0%         N/A       95%         1
 Sting                    Tmut/Pois      0%         1d3       95%         1
 Ensorcelled Hibernation  Hex/Ice        0%         N/A       98%         2
 Poisonous Vapours        Pois/Air       0%         N/A       98%         2
 Confusing Touch          Hex            0%         N/A       100%        3
 Kindle Blastsparks       Fire/Tloc/Air  0%         2d10      100%        3
 Spider Form              Tmut/Pois      0%         N/A       100%        3
 Vampiric Draining        Necr           0%         2d6       100%        3
 Anguish                  Hex/Necr       0%         N/A       100%        4
 Dispel Undead            Necr           0%         3d6       100%        4
 Fulminant Prism          Conj/Hex       0%         3d5       100%        4
 Iskenderun's Mystic Bla  Conj/Tloc      0%         2d3       100%        4
 Olgreb's Toxic Radiance  Pois           0%         N/A       100%        4
 Lee's Rapid Deconstruct  Erth           0%         3d4*      100%        5


Dungeon Overview and Level Annotations

Branches:
Dungeon (11/15)            Temple (1/1) D:6            Lair (0/5) D:8
    Orc (1/2) D:11        Ossuary (visited)          Bailey (visited)

Altars:
Ashenzari
Cheibriados
Dithmenos
Elyvilon
Fedhas
Hepliaklqana
Kikubaaqudgha
Makhleb
Nemelex Xobeh
Okawaru
Qazlal
Ru
Sif Muna
Trog
Uskayaw
Vehumet
Xom
Yredelemnul
Zin
The Shining One

Shops:
D:4 **   D:11 (

Annotations:
Orc:1 Jorgrun


Innate Abilities, Weirdness & Mutations

You cannot be hasted, slowed, berserked, paralysed or teleported.
You can dig through walls and to a lower floor.
You have a pair of large antennae on your head. (SInv)
Your four strong arms can wield two-handed weapons with a shield.


Message History

No target in view!
An ogre comes into view. It is wielding a +0 giant spiked club.
The ogre shouts!
An ogre is nearby!
You block the ogre's attack.
An ogre is nearby!
You barely miss the ogre.
The ogre hits you with a +0 giant spiked club.
You slash the ogre! You freeze the ogre.
The ogre hits you with a +0 giant spiked club.
You take 8 damage, and have 88/96 hp.
An ogre is nearby!
An ogre is nearby!
You slice the ogre!! You freeze the ogre.
You kill the ogre!
Okawaru accepts your kill.
Your life force feels restored.
Jorgrun Earthshaker comes into view.
He is wielding a +0 heavy quarterstaff and wearing a +0 robe of the Archmagi.
Jorgrun shouts!
Jorgrun casts a spell at you.
You are slowing down.
Health restored: 97 Your limbs are stiffening.
Jorgrun points at you and mumbles some strange words.
Roots burst forth from the earth!
The grasping roots grab you! The grasping roots constrict you!
You have turned to stone.
The grasping roots constrict you. The grasping roots constrict you!
The grasping roots constrict you. x2
Jorgrun hits you with a +0 heavy quarterstaff.
The grasping roots constrict you! Jorgrun hits you but does no damage.
The grasping roots constrict you.
Jorgrun hits you with a +0 heavy quarterstaff!
The grasping roots constrict you.
You turn to flesh and can move again.
You take 31 damage, and have 66/97 hp.
MASSIVE DAMAGE!!
You hit Jorgrun. You freeze Jorgrun. You block Jorgrun's attack.
The grasping roots constrict you.
You take 2 damage, and have 64/97 hp.
You hit Jorgrun. You freeze Jorgrun. You block Jorgrun's attack.
The grasping roots constrict you.
You take 2 damage, and have 62/97 hp.
You slice Jorgrun!! You freeze Jorgrun! You block Jorgrun's attack.
The grasping roots constrict you.
Unknown command.
You slash Jorgrun! You freeze Jorgrun.
Jorgrun hits you with a +0 heavy quarterstaff!
The grasping roots constrict you!
You take 23 damage, and have 39/97 hp.
MASSIVE DAMAGE!!
You are too injured to fight recklessly!
You gain the combat prowess of a mighty hero.
You block Jorgrun's attack. The grasping roots constrict you.
You take 3 damage, and have 36/97 hp.
You now have 15/17 mp.
You can now deal lightning-fast blows.
The grasping roots release their grip on you.
You now have 10/17 mp.
You slice Jorgrun!! You freeze Jorgrun!
Jorgrun points at you and mumbles some strange words.
Roots burst forth from the earth!
The grasping roots grab you! The grasping roots constrict you!
* * * LOW HITPOINT WARNING * * *
You take 7 damage, and have 29/97 hp.
You slice Jorgrun!! You freeze Jorgrun.
Unknown command.
You barely miss Jorgrun.
Jorgrun points at you and mumbles some strange words.
You are slowing down.
The grasping roots constrict you.
* * * LOW HITPOINT WARNING * * *
You take 2 damage, and have 27/97 hp.
You feel better.
Jorgrun hits you with a +0 heavy quarterstaff!
The grasping roots constrict you!
* * * LOW HITPOINT WARNING * * *
Your limbs are stiffening.
You take 7 damage, and have 20/97 hp.
You feel much better. You block Jorgrun's attack.
The grasping roots constrict you.
You have turned to stone.
Jorgrun casts a spell at you. The iron shot hits you!
The grasping roots constrict you!
Jorgrun hits you with a +0 heavy quarterstaff!
* * * LOW HITPOINT WARNING * * *
The grasping roots constrict you!
* * * LOW HITPOINT WARNING * * *
Jorgrun points at you and mumbles some strange words.
You resist with significant effort. The grasping roots constrict you.
Jorgrun gestures at you while chanting. The grasping roots constrict you!
* * * LOW HITPOINT WARNING * * *
Jorgrun hits you with a +0 heavy quarterstaff!
* * * LOW HITPOINT WARNING * * *
The grasping roots constrict you.
* * * LOW HITPOINT WARNING * * *
Jorgrun casts a spell at you. The iron shot hits you!!!
You die...

..#.. ..... #....#
#.... ### #$...##.##
........# #.g...##
#..@...#####
..##......##.###
#....)...^....##
......#....#.....###
.......###.#......#.##
....... ####.##.#...#
..#.... ###.....##
......# #.....## .#.#
#####...##


You could see Jorgrun.

Vanquished Creatures
  2 two-headed ogres
  Lodul (D:11)
  Pikel (D:9)
  A cyclops (D:11)
  A manticore (D:11)
  Joseph (D:9)
  2 gargoyles
  Psyche (D:9)
  A freezing wraith (D:9)
  A tengu conjurer (D:9)
  4 trolls
  3 wyverns
  2 wraiths (D:11)
  11 yaks
  3 steam dragons
  Menkaure (Ossuary)
  2 vampire mosquitoes (D:10)
  2 wargs (D:8)
  3 acid dragons
  2 water moccasins
  Duvessa (D:4)
  16 orc warriors
  Pargi (D:4)
  10 ogres
  4 centaurs
  A kobold brigand (D:6)
  4 lemures (D:9)
  4 bullfrogs
  4 scorpions
  3 gnoll sergeants
  A necrophage (D:6)
  17 wights
  Dowan (D:4)
  8 killer bees
  A howler monkey (D:9)
  2 hounds
  11 orc priests
  2 jellies
  3 gnoll boudas
  2 iguanas
  Ijyb (D:3)
  13 orc wizards
  3 mummies (Ossuary)
  Robin (D:3)
  26 gnolls
  8 adders
  A shadow imp (D:6)
  4 white imps
  2 ufetubi
  2 dart slugs
  68 orcs
  5 ball pythons
  4 endoplasms
  4 giant cockroaches
  2 gnoll zombies (Ossuary)
  9 hobgoblins
  2 jackals (D:2)
  12 kobolds
  6 quokkas
  10 bats
  4 frilled lizards (D:1)
  4 gnoll skeletons (Ossuary)
  18 goblins
  2 goblin skeletons (Ossuary)
  9 goblin zombies (Ossuary)
  5 hobgoblin skeletons (Ossuary)
  2 hobgoblin zombies (Ossuary)
  6 kobold skeletons (Ossuary)
  4 kobold zombies (Ossuary)
  3 orc skeletons (Ossuary)
  4 orc zombies (Ossuary)
  4 rats
  5 rat skeletons (Ossuary)
  4 rat zombies (Ossuary)
398 creatures vanquished.

Notes
Turn   | Place    | Note
-------+----------+-------------------------------------------
     0 | D:1      | OTABOTABOTAB the Formicid Fighter began the quest for the
                  | Orb.
     0 | D:1      | Reached XP level 1. HP: 18/18 MP: 1/1
   239 | D:1      | Reached XP level 2. HP: 23/24 MP: 2/2
   410 | D:1      | Reached XP level 3. HP: 16/29 MP: 3/3
   972 | D:2      | Found a glowing silver altar of Zin.
  1155 | D:2      | Reached XP level 4. HP: 36/37 MP: 4/4
  1237 | D:2      | Reached skill level 3 in Maces & Flails
  1525 | D:3      | Noticed Robin
  1548 | D:3      | Killed Robin
  1622 | D:3      | Reached XP level 5. HP: 38/42 MP: 5/5
  1727 | D:3      | Reached skill level 4 in Armour
  1739 | D:3      | Reached skill level 4 in Fighting
  1930 | D:3      | Found a white marble altar of Elyvilon.
  1951 | D:3      | Found a bloodstained altar of Trog.
  1976 | D:3      | Reached skill level 5 in Shields
  2046 | D:3      | Reached skill level 4 in Maces & Flails
  2046 | D:3      | Reached XP level 6. HP: 45/48 MP: 6/6
  2261 | D:3      | Noticed Ijyb
  2272 | D:3      | Killed Ijyb
  2489 | D:4      | Reached XP level 7. HP: 44/55 MP: 7/7
  2540 | D:4      | Found Yhekk's General Store.
  2542 | D:4      | Found Kuvajij's Specific Store.
  2798 | D:4      | Noticed Pargi
  2802 | D:4      | Noticed Dowan
  2807 | D:4      | Noticed Duvessa
  2846 | D:4      | Killed Duvessa
  2847 | D:4      | Reached skill level 5 in Maces & Flails
  2847 | D:4      | Reached skill level 5 in Armour
  2864 | D:4      | HP: 13/55 [Pargi (1)]
  2876 | D:4      | Killed Pargi
  2877 | D:4      | Reached skill level 5 in Fighting
  2877 | D:4      | Reached skill level 6 in Shields
  2887 | D:4      | Killed Dowan
  2888 | D:4      | Reached XP level 8. HP: 32/62 MP: 8/8
  3311 | D:5      | Entered Level 5 of the Dungeon
  3405 | D:5      | Reached skill level 6 in Maces & Flails
  3690 | D:5      | Reached skill level 7 in Shields
  3942 | D:5      | Reached skill level 6 in Armour
  4056 | D:5      | Reached skill level 6 in Fighting
  4125 | D:5      | Reached XP level 9. HP: 67/69 MP: 9/9
  4154 | D:5      | Reached skill level 7 in Maces & Flails
  4783 | D:6      | Found a shimmering altar of Xom.
  4823 | D:6      | Reached skill level 8 in Shields
  5100 | D:6      | Found a staircase to the Ecumenical Temple.
  5109 | Temple   | Entered the Ecumenical Temple
  5170 | Temple   | Became a worshipper of Warmaster Okawaru
  5488 | D:7      | Reached skill level 8 in Maces & Flails
  5561 | D:7      | Found a sand-covered staircase.
  5602 | Ossuary  | Entered an ossuary
  5946 | Ossuary  | Noticed Menkaure
  5956 | Ossuary  | Killed Menkaure
  5957 | Ossuary  | Reached skill level 7 in Armour
  5957 | Ossuary  | Reached skill level 1 in Invocations
  6183 | Ossuary  | Reached skill level 7 in Fighting
  6301 | D:7      | Reached * piety under Okawaru
  6309 | D:7      | HP: 13/64 [wight/+0 trident (5)]
  6312 | D:7      | Reached XP level 10. HP: 22/72 MP: 11/11
  6316 | D:7      | Reached skill level 2 in Invocations
  6955 | D:7      | Found a transporter.
  6957 | D:7      | Found a transporter.
  6993 | D:7      | Reached skill level 3 in Invocations
  7000 | D:7      | Reached skill level 9 in Maces & Flails
  7003 | D:7      | Reached skill level 9 in Shields
  7347 | D:8      | Reached ** piety under Okawaru
  7430 | D:8      | Found a staircase to the Lair.
  7430 | D:8      | Noticed a gargoyle
  7450 | D:8      | HP: 19/79 [steam dragon (2)]
  7450 | D:8      | HP: 6/79 [orc priest/divine providence (13)]
  7466 | D:8      | Killed a gargoyle
  7469 | D:8      | HP: 8/80 [orc priest/divine providence (17)]
  7482 | D:7      | Reached skill level 4 in Invocations
  7484 | D:8      | HP: 12/80 [orc priest/nerve-wracking pain (14)]
  7562 | D:8      | HP: 15/75 [wight/+0 mace (7)]
  7615 | D:8      | Reached skill level 8 in Armour
  7623 | D:8      | Identified the +1 chain mail of Proximity {rF+ Str+4}
  7732 | D:8      | Found a flagged portal.
  7743 | Bailey   | Entered a bailey
  7813 | Bailey   | Reached skill level 8 in Fighting
  7893 | Bailey   | Reached *** piety under Okawaru
  8086 | Bailey   | Identified the +0 fire dragon scales of Utiluwei {rPois
                  | rF++ rC- Will++ rCorr Str+4}
  8096 | Bailey   | Reached XP level 11. HP: 85/86 MP: 14/14
  8109 | Bailey   | Identified the +0 pair of boots of an ossuary {Fly rF+
                  | Int+3}
  8602 | D:9      | Reached skill level 10 in Maces & Flails
  8637 | D:9      | Noticed Pikel
  8637 | D:9      | Noticed Psyche
  8649 | D:9      | Killed Psyche
  8650 | D:9      | Reached skill level 5 in Invocations
  8655 | D:9      | Killed Pikel
  8656 | D:9      | Reached skill level 10 in Shields
  8662 | D:9      | Reached **** piety under Okawaru
  9091 | D:9      | Noticed a two-headed ogre
  9092 | D:9      | Found a radiant altar of Vehumet.
  9114 | D:9      | Killed a two-headed ogre
  9114 | D:9      | HP: 17/83 [killer bee (7)]
  9119 | D:9      | HP: 9/87 [poisoned by a killer bee]
  9150 | D:9      | Noticed Joseph
  9157 | D:9      | Reached skill level 6 in Invocations
  9160 | D:9      | HP: 9/87 [freezing wraith (13)]
  9160 | D:9      | HP: 1/87 [freezing wraith (8)]
  9175 | D:9      | Killed Joseph
  9176 | D:9      | Reached skill level 9 in Fighting
  9176 | D:9      | Reached skill level 11 in Maces & Flails
  9565 | D:9      | Reached skill level 9 in Armour
  9760 | D:10     | Entered Level 10 of the Dungeon
  9760 | D:10     | Noticed a two-headed ogre
  9769 | D:10     | Killed a two-headed ogre
  9813 | D:10     | Reached ***** piety under Okawaru
  9896 | D:10     | Reached XP level 12. HP: 89/95 MP: 16/16
 10386 | D:10     | Reached skill level 11 in Shields
 10469 | D:10     | Found a sparkling altar of Nemelex Xobeh.
 10628 | D:11     | Reached skill level 7 in Invocations
 10779 | D:11     | Received a gift from Okawaru
 11072 | D:11     | Found a staircase to the Orcish Mines.
 11074 | D:11     | Found Duorphan's Weapon Boutique.
 11116 | D:11     | Noticed Lodul
 11129 | D:11     | Killed Lodul
 11130 | D:11     | Reached skill level 12 in Maces & Flails
 11380 | Orc:1    | Entered Level 1 of the Orcish Mines
 11499 | Orc:1    | Noticed Jorgrun
 11519 | Orc:1    | HP: 20/97 [constriction (11)]
 11525 | Orc:1    | HP: 22/97 [constriction (3)]
 11527 | Orc:1    | Killed from afar by Jorgrun

Illustrated notes

Levels and vault maps discovered:
D:1:      scummos_arrival_simple_crosswalls, layout_rooms,
          minmay_shallow_snake_nest
D:2:      layout_loops_corners, basic_altar
D:3:      layout_basic, grunt_temple_overflow_open, minivault_23, uniq_ijyb,
          uniq_robin
D:4:      layout_cave_pools, nicolae_specific_store, minmay_manual_mess,
          uniq_pargi, uniq_duvessa
D:5:      layout_loops_cross
D:6:      layout_loops_ring, tgw_xom, temple_hall
D:7:      gammafunk_beogh_shrine, layout_rooms, enter_ossuary_5, serial_curves,
          eino_curves_04, eino_curves_03
D:8:      layout_basic, erik_lair_orcish_takeover, enter_bailey_2
D:9:      layout_irregular_city, minmay_ruined_shrine, uniq_psyche, uniq_pikel,
          uniq_joseph
D:10:     layout_irregular_city, nemelex_diamond_rough_becter, bh_walls_and_bars
D:11:     layout_rooms, orc_david_3, uniq_lodul
Temple:   regret_index_temple_mists
Orc:1:    layout_caves, serial_shops, nicolae_shop_hallway_stairs,
          nicolae_alphabet_shops, uniq_jorgrun

Skill      XL: |  1  2  3  4  5  6  7  8  9 10 11 12 |
---------------+-------------------------------------+-----
Maces & Flails | 3 4 5 6 8 9 11 12 | 12.1
Armour         | 4 5 6 7 8 9 |  9.8
Fighting       | 4 5 6 7 8 9 |  9.8
Shields        | 5 6 7 8 9 10 11 | 11.6
Invocations    | 1 4 6 7 |  7.6

Action                   |  1- 3 |  4- 6 |  7- 9 | 10-12 || total
-------------------------+-------+-------+-------+-------++-------
Melee: Flail             |   119 |   205 |   563 |    40 ||   927
       Battleaxe         |       |       |       |   418 ||   418
Throw: Stone             |     2 |       |       |       ||     2
Invok: Heroism           |       |       |       |     5 ||     5
       Finesse           |       |       |       |     3 ||     3
 Abil: Dig               |       |     1 |     2 |     2 ||     5
  Use: Scroll            |       |    13 |    10 |     2 ||    25
       Potion            |       |       |     5 |     9 ||    14
 Stab: Confused          |       |       |     1 |       ||     1
Armor: Scale mail        |    59 |   122 |     4 |       ||   185
       Chain mail        |       |       |   295 |   224 ||   519
Dodge: Dodged            |    58 |   123 |   134 |   107 ||   422
Block: Buckler           |    50 |   153 |   131 |       ||   334
       Reflection        |       |     2 |    11 |    17 ||    30
       Tower shield      |       |       |   405 |   729 ||  1134

Table legend: (Time is in decaauts)
 A = Elapsed time spent in this place.
 B = Non-inter-level travel time spent in this place.
 C = Inter-level travel time spent in this place.
 D = Time resting spent in this place.
 E = Time spent auto-exploring this place.
 F = Levels seen in this place.
 G = Mean time per level.
                   A        B        C        D        E       F      G
               +--------+--------+--------+--------+--------+-----+--------+
         Total |  12032 |  11485 |    547 |    759 |   7554 |  15 |  802.1 |
       Dungeon |  10585 |  10059 |    526 |    389 |   7014 |  11 |  962.3 |
        Temple |    149 |    129 |     20 |      0 |     98 |   1 |  149.0 |
  Orcish Mines |    156 |    156 |      0 |      0 |     96 |   1 |  156.0 |
       Ossuary |    663 |    663 |      0 |    231 |    164 |   1 |  663.0 |
        Bailey |    479 |    479 |      0 |    139 |    181 |   1 |  479.0 |
               +--------+--------+--------+--------+--------+-----+--------+

Top non-repeatable levels by time:
     D:7: 1251 daAuts
     D:9: 1222 daAuts
     D:5: 1088 daAuts
     D:3: 1042 daAuts
     D:6: 1018 daAuts
     D:2: 959 daAuts
     D:8: 916 daAuts
    D:10: 858 daAuts
     D:4: 817 daAuts
    D:11: 801 daAuts
 Ossuary: 663 daAuts
     D:1: 608 daAuts
  Bailey: 479 daAuts
   Orc:1: 156 daAuts
  Temple: 149 daAuts

Table legend:
 A = Kills in this place as a percentage of kills in entire the game.
 B = Kills by you in this place as a percentage of kills by you in the entire game.
 C = Kills by friends in this place as a percentage of kills by friends in the entire game.
 D = Other kills in this place as a percentage of other kills in the entire game.
 E = Experience gained in this place as a percentage of experience gained in the entire game.
 F = Experience gained in this place divided by the number of levels of this place that you have seen.
                   A       B       C       D       E      F
               +-------+-------+-------+-------+-------+----------------------
         Total | 100.0 | 100.0 |   N/A |   N/A | 100.0 | 1503.5
       Dungeon |  78.9 |  78.9 |   N/A |   N/A |  93.2 | 1910.0
  Orcish Mines |   2.0 |   2.0 |   N/A |   N/A |   1.8 | 411.0
       Ossuary |  13.7 |  13.7 |   N/A |   N/A |   1.3 | 289.0
        Bailey |   5.3 |   5.3 |   N/A |   N/A |   3.7 | 842.0
               +-------+-------+-------+-------+-------+----------------------
